 Dungeon Crawl Stone Soup version 0.24-a0-500-g46574c2197 (webtiles) character file.

Game seed: 106270920329257746

444 Gargoyl the Skirmisher (level 6, -5/52 HPs)
             Began as a Centaur Abyssal Knight on July 15, 2019.
             Was a Priest of Lugonu.
             Slain by an iguana (10 damage)
             ... on level 5 of the Dungeon.
             The game lasted 00:05:44 (4860 turns).

Gargoyl the Skirmisher (Centaur Abyssal Knight)     Turns: 4860, Time: 00:05:44

Health: -5/52      AC: 10    Str: 15    XL:     6   Next: 72%
Magic:  8/8        EV:  2    Int: 11    God:    Lugonu [***...]
Gold:   335        SH:  3    Dex: 14    Spells: 5/5 levels left

rFire    . . .     SeeInvis .   a - +1 hand axe
rCold    . . .     Gourm    .   l - +0 buckler
rNeg     . . .     Faith    .   d - +1 plate armour
rPois    .         Spirit   .   (no helmet)
rElec    .         Reflect  .   (no cloak)
rCorr    .         Harm     .   (no gloves)
MR       .....     Clarity  +   (no barding)
Stlth    ..........             (no amulet)
HPRegen  0.17/turn              m - +4 ring of dexterity
MPRegen  0.11/turn              (no ring)

@: very quick
A: large, hooves 3, clarity, deformed body, speed 2, tough skin 3
a: Depart the Abyss, Bend Space, Banish, Renounce Religion


You were on level 5 of the Dungeon.
You worshipped Lugonu.
Lugonu was most pleased with you.
You were hungry.

You visited 1 branch of the dungeon, and saw 5 of its levels.
You visited the Abyss 1 time.

You collected 335 gold pieces.

Inventory:

Hand Weapons
 a - a +1 hand axe (weapon)
Missiles
 i - 3 boomerangs (quivered)
Armour
 d - a +1 plate armour (worn)
 l - a +0 buckler (worn)
 n - a +0 centaur barding
Jewellery
 m - a +4 ring of dexterity (left hand)
Wands
 o - a wand of flame (16)
Scrolls
 h - a scroll of identify
 j - 2 scrolls of magic mapping
 p - a scroll of amnesia
 r - a scroll of fog {unknown}
Potions
 b - a potion of brilliance
 e - 3 potions of curing
 f - a potion of degeneration {unknown}
 g - a potion of haste
 k - a potion of ambrosia {unknown}
 q - 3 potions of flight
Comestibles
 c - 11 rations


   Skills:
 + Level 3.8 Fighting
 + Level 3.2 Axes
 * Level 3.2 Armour
 * Level 2.0 Dodging
 + Level 0.1 Shields
 * Level 1.8 Unarmed Combat
 * Level 3.0 Invocations


You had 5 spell levels left.
You didn't know any spells.
Your spell library was empty.

Dungeon Overview and Level Annotations

Branches:
Dungeon (5/15)
 Temple: D:4-7

Altars:
Cheibriados
Dithmenos
Sif Muna

Shops:
D:4 }


Innate Abilities, Weirdness & Mutations

You have hooves in place of feet.
Armour fits poorly on your strangely shaped body.
You cover ground very quickly.
You have extremely tough skin. (AC +3)
You possess an exceptional clarity of mind.


Message History

Found 31 arrows.
Found a stone staircase leading down.
A quokka skeleton comes into view.
Found a centaur barding.
There is a stone staircase leading down here.
Found a stone staircase leading up.
You see here a centaur barding.
n - a centaur barding You slash the quokka skeleton!
You destroy the quokka skeleton!
Lugonu accepts your kill.
Your plate armour prevents you from hitting the iguana.
Your kick misses the iguana. The iguana bites you!
* * * LOW HITPOINT WARNING * * *
You hit the iguana.
The iguana is lightly wounded.
The iguana bites you but does no damage.
You hit the iguana. You kick the iguana, but do no damage.
The iguana is heavily wounded.
The iguana bites you!
You die...

#### #..## #..#
.#.....####..#
.#....##.....#
...........#
#....##.#..#
#..#.##....########.####
#..#...>....l@..........
#..#..##.#....####...###
#....###.#........ .##
#.#.## ....##...... #
#....... #..(..
..#####......# #.......
...l....## #......#
#....... .....#.###
#......# #.......
..#.#..# #...<...
#......Z . #. ..#
#......


You could see an iguana.

Vanquished Creatures
  The ghost of waddelsworth the Cudgeler, an amateur GrBe of Trog (D:3)
  A scorpion (D:4)
  3 orc priests
  An orc wizard (D:4)
  A centaur skeleton (D:4)
  A hound skeleton (D:3)
  2 adders
  An ooze (D:1)
  A dart slug (D:1)
  2 leopard geckos (D:3)
  11 orcs
  4 bats
  3 giant cockroaches
  10 goblins
  8 hobgoblins
  11 jackals
  7 kobolds
  2 quokkas
  A ball python skeleton (D:4)
  5 frilled lizards
  A leopard gecko zombie (D:3)
  3 quokka skeletons
  6 rats
86 creatures vanquished.

Notes
Turn   | Place    | Note
-------+----------+-------------------------------------------
     0 | Abyss:1  | Gargoyl the Centaur Abyssal Knight began the quest for the
                  | Orb.
     0 | Abyss:1  | Reached XP level 1. HP: 19/19 MP: 2/2
   114 | Abyss:3  | Found a corrupted altar of Lugonu.
   162 | Abyss:3  | Gained mutation: You are resistant to hostile enchantments.
                  | (MR+) [potion of mutation]
   162 | Abyss:3  | Lost mutation: You are resistant to hostile enchantments.
                  | (MR+) [potion of mutation]
   162 | Abyss:3  | Gained mutation: You possess an exceptional clarity of
                  | mind. [potion of mutation]
   169 | Abyss:3  | Noticed an ancient zyme
   170 | D:1      | Escaped the Abyss
   397 | D:1      | Reached * piety under Lugonu
   413 | D:1      | Reached XP level 2. HP: 18/26 MP: 3/3
  1029 | D:1      | Reached skill level 1 in Dodging
  1386 | D:2      | Reached XP level 3. HP: 29/31 MP: 4/4
  1674 | D:2      | Found a deep blue altar of Sif Muna.
  1675 | D:2      | Found a shadowy altar of Dithmenos.
  2605 | D:2      | Reached ** piety under Lugonu
  2668 | D:3      | Reached skill level 1 in Unarmed Combat
  2668 | D:3      | Reached XP level 4. HP: 32/38 MP: 5/5
  3318 | D:3      | Found a snail-covered altar of Cheibriados.
  3494 | D:3      | Reached XP level 5. HP: 43/45 MP: 6/6
  3837 | D:3      | Found a runed translucent gate.
  3837 | D:3      | Found a runed translucent gate.
  3838 | D:3      | Found a runed translucent gate.
  3840 | D:3      | Noticed waddelsworth's ghost (amateur GrBe)
  4087 | D:3      | Killed waddelsworth's ghost
  4087 | D:3      | Reached XP level 6. HP: 51/51 MP: 6/8
  4531 | D:4      | Reached *** piety under Lugonu
  4600 | D:4      | Found Joor Coe's Gadget Emporium.
  4832 | D:5      | Entered Level 5 of the Dungeon
  4860 | D:5      | Slain by an iguana

Levels and vault maps discovered:
D:1:      saegor_arrival_miasma, layout_loops_corners
D:2:      layout_loops_ring, grunt_temple_overflow_open, first_ration
D:3:      minmay_inner_zag, layout_basic, lemuel_doored_altar,
          gammafunk_ghost_necromancy, hex_medium
D:4:      minmay_skewed_foursquare, layout_gridville, serial_shops, shop,
          minmay_misc_feat_four_crosses, hangedman_decor_points
D:5:      layout_rooms, serial_shops, shop, grunt_gozag_breadcrumbs,
          uniq_grinder

Skill      XL: |  1  2  3  4  5  6 |
---------------+-------------------+-----
Axes           | 2 3 |  3.2
Dodging        | 1 2 |  2.0
Armour         | 2 3 |  3.2
Unarmed Combat | 1 |  1.8
Invocations    | 3 |  3.0
Fighting       | |  3.8
Shields        | |  0.1

Action                   |  1- 3 |  4- 6 || total
-------------------------+-------+-------++-------
Melee: Hand axe          |   144 |   155 ||   299
       Kick              |    17 |    29 ||    46
Throw: Boomerang         |       |     7 ||     7
Invok: Depart the Abyss  |     1 |       ||     1
  Use: Scroll            |     6 |     6 ||    12
       Potion            |     2 |     5 ||     7
  Eat: Chunk             |     3 |     6 ||     9
Armor: Plate armour      |   134 |    97 ||   231
       Skin              |       |     9 ||     9
Dodge: Dodged            |     7 |     9 ||    16
Block: Buckler           |    13 |    19 ||    32

Table legend:
 A = Non-vault XP
 B = Vault XP
 C = Vault XP percentage of total XP
 D = Non-vault monster count
 E = Vault monster count
 F = Vault count percentage of total count
                 A         B        C        D         E       F
            +---------+---------+-------+---------+---------+-------
      Total |     421 |     214 |  33.7 |      74 |      12 |  14.0
            +---------+---------+-------+---------+---------+-------
        D:1 |      39 |       0 |   0.0 |      19 |       0 |   0.0
        D:2 |      47 |       0 |   0.0 |      22 |       0 |   0.0
        D:3 |     123 |     211 |  63.2 |      19 |      10 |  34.5
        D:4 |     211 |       3 |   1.4 |      13 |       2 |  13.3
        D:5 |       1 |       0 |   0.0 |       1 |       0 |   0.0
            +---------+---------+-------+---------+---------+-------
